 Dungeon Crawl Stone Soup version 0.29.1-15-g9cfb28693d (webtiles) character file.

Game seed: 11997408071416769596

3532 Eitelfritz the Cutter (level 9, -3/69 HPs)
             Began as a Demonspawn Brigand on Apr 25, 2023.
             Was a Believer of Dithmenos.
             Killed from afar by an acid dragon (31 damage)
             ... with a splash of acid
             ... on level 7 of the Dungeon.
             The game lasted 00:15:20 (8802 turns).

Eitelfritz the Cutter (Demonspawn Brigand)          Turns: 8802, Time: 00:15:21

Health: -3/69      AC: 12    Str: 12    XL:     9   Next: 82%
Magic:  9/9        EV: 15    Int: 16    God:    Dithmenos [**....]
Gold:   58         SH:  0    Dex: 18    Spells: 8/8 levels left

rFire   . . .      SeeInvis .   a - +2 dagger (drain)
rCold   . . .      Faith    .   (no shield)
rNeg    . . .      Spirit   .   J - +0 leather armour
rPois   .          Reflect  .   (helmet restricted)
rElec   +          Harm     .   c - +0 cloak
rCorr   .          Rampage  .   (no gloves)
Will    +....                   F - +0 pair of boots
Stlth   ++++......              (no amulet)
HPRegen 0.21/turn               o - ring "Ufumudoph" {rElec Will+ AC+4 Int+3}
MPRegen 0.11/turn               (no ring)

@: wreathed by umbra
A: horns 1, molten scales 2, demonic guardian 2
a: Renounce Religion, Shadow Step


You were on level 7 of the Dungeon.
You worshipped Dithmenos.
Dithmenos was pleased with you.
You visited 2 branches of the dungeon, and saw 8 of its levels.

You collected 246 gold pieces.
You spent 188 gold pieces at shops.

Inventory:

Hand Weapons
 a - a +2 dagger of draining (weapon)
 h - a +0 short sword
Missiles
 d - 15 poisoned darts (quivered)
 e - 5 curare-tipped darts
 A - 5 javelins
 H - 5 boomerangs
Armour
 b - a +0 robe
 c - a +0 cloak (worn)
 F - a +0 pair of boots (worn)
 J - a +0 leather armour (worn)
Jewellery
 o - the ring "Ufumudoph" (left hand) {rElec Will+ AC+4 Int+3}
   (You found it on level 2 of the Dungeon)

   [ring of protection]

   AC:        It affects your AC (+4).
   Int:       It affects your intelligence (+3).
   rElec:     It insulates you from electricity.
   Will:      It increases your willpower.
 v - a ring of wizardry
 B - a ring of magical power
 M - an amulet of the acrobat
Wands
 w - a wand of roots (10)
 y - a wand of acid (19)
 C - a wand of mindburst (6)
 G - a wand of polymorph (8)
Scrolls
 f - 2 scrolls of butterflies
 g - a scroll of magic mapping
 i - a scroll of immolation {unknown}
 p - a scroll of silence {unknown}
 s - 3 scrolls of teleportation
 u - a scroll of poison {unknown}
 z - a scroll of blinking {unknown}
 E - a scroll of noise {unknown}
 I - a scroll of fear {unknown}
 L - a scroll of enchant weapon {unknown}
Potions
 j - 2 potions of ambrosia {unknown}
 k - 3 potions of might
 l - 5 potions of curing
 m - 2 potions of berserk rage {unknown}
 n - 4 potions of brilliance
 q - 4 potions of mutation
 r - a potion of haste {unknown}
 t - 2 potions of attraction
 x - 2 potions of cancellation {unknown}
 D - 2 potions of lignification {unknown}
 K - a potion of resistance {unknown}


   Skills:
 + Level 5.8 Fighting
 + Level 7.6 Short Blades
 + Level 1.9 Throwing
 + Level 3.6 Armour
 + Level 5.9 Dodging
 + Level 7.4 Stealth
 + Level 0.2 Evocations


You had 8 spell levels left.
You didn't know any spells.
Your spell library contained the following spells:

 Spells                   Type           Power      Damage    Failure   Level
 Gell's Gravitas          Tloc           0%         N/A       67%         3
 Lesser Beckoning         Tloc           0%         N/A       67%         3
 Teleport Other           Tloc           0%         N/A       67%         3


Dungeon Overview and Level Annotations

Branches:
Dungeon (7/15)             Temple (1/1) D:4

Altars:
Cheibriados
Dithmenos
Fedhas
Gozag
Hepliaklqana
Kikubaaqudgha
Makhleb
Nemelex Xobeh
Okawaru
Ru
Trog
Vehumet
Wu Jian
Xom
Yredelemnul

Shops:
D:3 !   D:6 *


Innate Abilities, Weirdness & Mutations

You have a pair of small horns on your head.
You are mostly covered in molten scales. (AC +3)
A demonic guardian rushes to your aid.


Message History

Found a war axe, a scroll labelled MYKULI RAISHEN and 11 gold pieces.
You swap places.
A shadow comes into view.
The troll bites your rust devil!
The troll claws your rust devil but does no damage.
The troll claws your rust devil. The acid dragon spits acid at you.
The splash of acid hits your rust devil!
The acid corrodes your rust devil!
Your rust devil completely misses the acid dragon.
The shadow slips into darkness.
The shadow flickers and vanishes!
Deactivating autopickup; reactivate with Ctrl-A.
The troll bites your rust devil! The troll claws your rust devil!
The troll claws your rust devil.
The acid dragon bites your rust devil but does no damage.
The acid dragon closely misses your rust devil.
Your rust devil hits the troll.
Your rust devil corrodes the troll!
The vampire hits your rust devil. The vampire bites your rust devil!
Your rust devil dies!
Your rust devil disappears in a puff of smoke!
A troll breaks down the door.
A cyclops opens the door.
A vampire opens the door.
A manticore comes into view.
A wraith comes into view.
There is an open door here.
The acid dragon spits acid at you. The splash of acid hits you!!
The acid corrodes you!
Items here: )))) [ †††.
Things that are here:
a +0 dagger; a +0 leather armour You start resting.
You are no longer corroded.
The acid dragon closely misses you. x2
You barely miss the acid dragon. You hit the acid dragon.
You drain the acid dragon. You headbutt the acid dragon.
The acid dragon is lightly wounded.
The acid dragon spits acid at you. The splash of acid hits you!!
You die...

##.#)#..D#####'.'####
#..###....# .#...
##...)...## .# )?#
#.#.#)#)#.# .# $#
###)#########+# # #.#
#...#.# .# #.##
#.#)#.# #.# #..##
#.#...#...#
##..###@#...#...
##...D.#.#.#.#
#####...#...# #
#...#...# ##
#.#.#)#^# ###.
#...#.#.(.#####..†
..#####'#####.......
#..................#
############...#####


You could see an acid dragon (catching breath, drained).

Vanquished Creatures
  A wyvern (D:7)
  An acid dragon (D:7)
  Edmund (D:5)
  Duvessa (D:5)
  2 sky beasts
  3 black bears
  3 ogres
  2 centaurs (D:7)
  2 phantoms
  2 bullfrogs
  2 scorpions
  Blork the orc (D:4)
  Dowan (D:5)
  3 hounds
  A jelly (D:6)
  2 gnoll boudas (D:6)
  3 orc priests
  Ijyb (D:4)
  3 iguanas
  2 orc wizards
  Natasha (thrice) (D:4)
  16 gnolls
  15 adders
  A shadow imp (D:6)
  An ufetubus (D:4)
  2 worms
  5 dart slugs
  17 orcs
  8 endoplasms
  4 giant cockroaches
  13 goblins
  7 hobgoblins
  4 jackals
  5 quokkas
  11 ball pythons
  8 bats
  3 frilled lizards
  7 kobolds
  3 rats
170 creatures vanquished.

Vanquished Creatures (collateral kills)
  The ghost of rlgrobin the Cudgeller, an amateur OgGl (D:5)
  Grinder (D:4)
  Prince Ribbit (D:5)
  2 necrophages
  A gnoll (D:2)
  An ufetubus (D:4)
  An orc (D:4)
8 creatures vanquished.

Vanquished Creatures (others)
  A wizard (D:6)
  A hobgoblin (D:4)
  A goblin (D:4)
3 creatures vanquished.

Grand Total: 181 creatures vanquished

Notes
Turn   | Place    | Note
-------+----------+-------------------------------------------
     0 | D:1      | Eitelfritz the Demonspawn Brigand began the quest for the
                  | Orb.
     0 | D:1      | Reached XP level 1. HP: 16/16 MP: 1/1
   217 | D:1      | Gained mutation: You have a pair of small horns on your
                  | head. [demonic ancestry]
   217 | D:1      | Reached XP level 2. HP: 20/22 MP: 2/2
   441 | D:1      | Found a faded altar of an unknown god.
   805 | D:1      | Reached XP level 3. HP: 24/27 MP: 3/3
   862 | D:1      | Reached skill level 1 in Dodging
  1714 | D:2      | Identified the ring "Ufumudoph" {rElec Will+ AC+4 Int+3}
  1862 | D:2      | Gained mutation: You are partially covered in molten
                  | scales. (AC +2) [demonic ancestry]
  1862 | D:2      | Reached XP level 4. HP: 33/33 MP: 4/4
  2247 | D:2      | Reached skill level 5 in Stealth
  2767 | D:3      | Noticed a phantom
  2792 | D:3      | Killed a phantom
  2793 | D:3      | Gained mutation: A weak demonic guardian rushes to your
                  | aid. [demonic ancestry]
  2793 | D:3      | Reached XP level 5. HP: 18/39 MP: 5/5
  3619 | D:3      | Found Powny's Distillery.
  3621 | D:3      | Gained mutation: A demonic guardian rushes to your aid.
                  | [demonic ancestry]
  3621 | D:3      | Reached XP level 6. HP: 46/46 MP: 6/6
  3630 | D:3      | Bought a potion of curing for 30 gold pieces
  3630 | D:3      | Bought a potion of curing for 30 gold pieces
  3630 | D:3      | Bought a potion of degeneration for 10 gold pieces
  3996 | D:4      | Noticed Natasha
  4006 | D:4      | Killed Natasha
  4233 | D:4      | Found a shimmering altar of Xom.
  4451 | D:4      | Found a burning altar of Makhleb.
  4571 | D:4      | Noticed Natasha
  4572 | D:4      | You fall into a shaft and drop 3 floors!
  4690 | D:6      | Found a sacrificial altar of Ru.
  4725 | D:6      | Reached XP level 7. HP: 52/52 MP: 7/7
  4727 | D:6      | Found a basalt altar of Yredelemnul.
  4798 | D:6      | Found a shadowy altar of Dithmenos.
  4807 | D:6      | Became a worshipper of Dithmenos the Shadowed
  4821 | D:5      | Entered Level 5 of the Dungeon
  4846 | D:5      | Noticed Ijyb
  4856 | D:5      | Noticed Dowan
  4876 | D:4      | Killed Ijyb
  4887 | D:4      | Killed Natasha
  5020 | D:4      | Noticed Grinder
  5048 | D:4      | Killed Grinder
  5049 | D:4      | Reached skill level 5 in Short Blades
  5398 | D:4      | Noticed Natasha
  5399 | D:4      | Noticed Blork the orc
  5410 | D:4      | Killed Blork the orc
  5416 | D:4      | Killed Natasha
  5556 | D:4      | Found a staircase to the Ecumenical Temple.
  5569 | Temple   | Entered the Ecumenical Temple
  5969 | D:3      | Bought a potion of heal wounds for 50 gold pieces
  6036 | D:5      | Noticed Duvessa
  6053 | D:5      | Killed Duvessa
  6054 | D:5      | Reached XP level 8. HP: 34/60 MP: 8/8
  6060 | D:5      | Killed Dowan
  6281 | D:5      | Found a runed translucent door.
  6379 | D:5      | Found an iron altar of Okawaru.
  6380 | D:5      | Noticed Prince Ribbit
  6388 | D:5      | Noticed Edmund
  6425 | D:5      | Killed Edmund
  6443 | D:5      | Killed Prince Ribbit
  6847 | D:5      | Reached skill level 1 in Armour
  6851 | D:5      | Reached * piety under Dithmenos
  7057 | D:5      | Noticed rlgrobin's ghost (amateur OgGl)
  7204 | D:5      | Killed rlgrobin's ghost
  7205 | D:5      | Reached skill level 5 in Fighting
  7205 | D:5      | Gained mutation: You are mostly covered in molten scales.
                  | (AC +3) [demonic ancestry]
  7205 | D:5      | Reached XP level 9. HP: 26/68 MP: 9/9
  7533 | D:6      | Reached skill level 5 in Dodging
  7846 | D:6      | Found Esiocvuo's Assorted Antiques.
  7849 | D:6      | Bought a green potion for 32 gold pieces
  7849 | D:6      | Bought a scroll labelled MYKULI RAISHEN for 36 gold pieces
  7912 | D:6      | Found a bloodstained altar of Trog.
  7913 | D:6      | Noticed a wizard
  7918 | D:6      | Killed a wizard
  8680 | D:7      | Reached ** piety under Dithmenos
  8767 | D:7      | Noticed a troll
  8782 | D:7      | Noticed a cyclops
  8782 | D:7      | Noticed a manticore
  8802 | D:7      | Killed from afar by an acid dragon

Illustrated notes

Levels and vault maps discovered:
D:1:      dpeg_arrival_water_fire, layout_loops_corners,
          nicolae_ecumenical_lake_church, amcnicky_mini_pool_small
D:2:      layout_loops_ring, minmay_octomino_j4
D:3:      layout_loops_ring, serial_shops, nicolae_lakefront_shop,
          grunt_ministairs_6, kennysheep_crisscross
D:4:      layout_loops_ring, kennysheep_mini, xom_confusion_cloud,
          minmay_temple_entry_overgrown, minmay_strange_pillars,
          nicolae_zen_rock_garden, uniq_natasha, uniq_grinder,
          uniq_blork_the_orc
D:5:      layout_rooms, okawaru_gym_becter, ebering_ghost_sewer_d,
          minmay_starry_boxes, uniq_edmund, uniq_prince_ribbit1, uniq_ijyb,
          uniq_duvessa
D:6:      layout_basic, grunt_dithmenos_shadows, trog_wizard,
          kennysheep_little_box, mainiacjoe_overflow_brackets, serial_shops,
          kennysheep_mini_moat
D:7:      minmay_the_grid_plus_closed [minmay_the_grid_stretched_grid,
          minmay_the_grid_broken_lines, minmay_the_grid_minigrid_large,
          minmay_the_grid_tiny_cups, minmay_the_grid_prize_four_corners],
          layout_basic, general_overflow_altar, uniq_joseph
Temple:   jpeg_temple_island

Skill      XL: |  1  2  3  4  5  6  7  8  9 |
---------------+----------------------------+-----
Stealth        | 4 5 6 7 |  7.4
Short Blades   | 2 3 4 5 6 7 |  7.6
Dodging        | 1 2 4 5 |  5.9
Fighting       | 3 4 5 |  5.8
Armour         | 2 3 |  3.6
Throwing       | |  1.9
Evocations     | |  0.2

Action                   |  1- 3 |  4- 6 |  7- 9 || total
-------------------------+-------+-------+-------++-------
Melee: Dagger            |    90 |   215 |   462 ||   767
       Headbutt          |    10 |    43 |   125 ||   178
       Punch             |     1 |     3 |    12 ||    16
Evoke: Wand              |       |       |     1 ||     1
  Use: Scroll            |       |       |     7 ||     7
       Potion            |       |       |     2 ||     2
 Stab: Sleeping          |    18 |     8 |    12 ||    38
       Distracted        |     1 |       |     1 ||     2
Armor: Robe              |    16 |    78 |    34 ||   128
       Leather armour    |       |       |    92 ||    92
Dodge: Dodged            |    47 |   134 |   245 ||   426
